 Dungeon Crawl Stone Soup version 0.22.1-1-ga44c0e56f4 (webtiles) character file.

743 Nixze the Chiller (level 7, -8/54 HPs)
             Began as a Deep Elf Ice Elementalist on Oct 29, 2018.
             Mangled by Duvessa
             ... wielding a +0 short sword of venom
              (9 damage)
             ... on level 4 of the Dungeon.
             The game lasted 00:14:39 (4911 turns).

Nixze the Chiller (Deep Elf Ice Elementalist)       Turns: 4911, Time: 00:14:39

Health: -8/54      AC: 14    Str: 13    XL:     7   Next: 47%
Magic:  12/18      EV: 16    Int: 22    God:
Gold:   93         SH:  0    Dex: 15    Spells: 12/18 levels left

rFire    . . .     SeeInvis .   v - +1 whip (freeze)
rCold    . . .     Gourm    .   (no shield)
rNeg     . . .     Faith    .   a - +0 robe
rPois    .         Spirit   .   t - +0 helmet
rElec    .         Reflect  .   (no cloak)
rCorr    .         Harm     .   j - +2 pair of gloves {Str+3}
MR       .....                  f - +1 pair of boots
Stlth    ..........             (no amulet)
HPRegen  0.18/turn              g - +3 ring of evasion
MPRegen  0.16/turn              (no ring)

@: berserking (expiring), lethally poisoned (-8 -> -32), icy armour, very quick
A: no striking features
a: no special abilities


You were on level 4 of the Dungeon.
You were not hungry.

You visited 1 branch of the dungeon, and saw 4 of its levels.

You collected 93 gold pieces.

Inventory:

Hand Weapons
 v - a +1 whip of freezing (weapon)
Missiles
 b - 146 stones (quivered)
Armour
 a - a +0 robe (worn)
 f - a +1 pair of boots (worn)
 j - a +2 pair of gloves of strength (worn)
 t - a +0 helmet (worn)
Jewellery
 g - a +3 ring of evasion (left hand)
Wands
 i - a wand of flame (27)
Scrolls
 d - 3 scrolls of teleportation
 k - 2 scrolls of identify {unknown}
 l - a scroll of immolation
 o - a scroll of enchant armour
 r - a scroll of noise {unknown}
 s - a scroll of remove curse {unknown}
Potions
 e - a potion of berserk rage
 h - 2 potions of brilliance {unknown}
 m - a potion of curing {unknown}
 p - a potion of resistance {unknown}
 q - a potion of agility {unknown}
Comestibles
 c - 9 rations
 n - a chunk of flesh


   Skills:
 - Level 2.4 Dodging
 - Level 2.4 Stealth
 + Level 6.0 Spellcasting
 + Level 4.3 Conjurations
 + Level 7.4 Ice Magic


You had 12 spell levels left.
You knew the following spells:

 Your Spells              Type           Power        Failure   Level  Hunger
a - Freeze                Ice            ####         1%          1    None
b - Throw Frost           Conj/Ice       ####..       1%          2    None
c - Ozocubu's Armour      Chrm/Ice       ###.....     6%          3    #......

Your spell library contained the following spells:

 Spells                   Type           Power        Failure   Level  Hunger
 Throw Icicle             Conj/Ice       ####....     8%          4    ###....
 Summon Ice Beast         Ice/Summ       ###.....     21%         4    ###....


Dungeon Overview and Level Annotations

Branches:
Dungeon (4/15)
 Temple: D:4-7

Altars:
Gozag
Yredelemnul

Annotations:
D:4 Dowan, Duvessa


Message History

Duvessa is heavily wounded.
* * * LOW HITPOINT WARNING * * *
You feel sick. Duvessa hits you but does no damage.
You are more poisoned.
You hit Duvessa. You freeze Duvessa.
Duvessa is severely wounded.
* * * LOW HITPOINT WARNING * * *
You feel sick.
Dowan gestures wildly while chanting.
Dowan blinks!
Duvessa closely misses you.
You barely miss Duvessa.
Duvessa is severely wounded.
* * * LOW HITPOINT WARNING * * *
You feel sick. Duvessa misses you.
You hit Duvessa. You freeze Duvessa.
Duvessa is almost dead.
* * * LOW HITPOINT WARNING * * *
You feel sick. Dowan hits you but does no damage.
Duvessa hits you with a short sword of venom!
You die...

.....#.# .....#.#
############# #....#.#
#.....§.....# #.#).#.#
...#########.#
#.#.##.###########
#.#..............#
#.#..#.#########.#####.#
#>#..#..#........e......
#....##.#.######@#######
#....##.# #e# #....##.#
#o# #....##.# #r#
.....##.# .§# #.#..##.#
### .....##.# #.##.#..#
.....#.##


You could see Duvessa, Dowan, an orc and a quokka.

Vanquished Creatures
  Pikel (D:4)
  A slave (D:4)
  A crimson imp (D:4)
  2 hounds (D:4)
  A worker ant (D:4)
  Robin (D:4)
  A howler monkey skeleton (D:4)
  7 adders
  3 worms
  5 leopard geckos
  3 orcs (D:3)
  3 giant cockroaches
  13 goblins
  10 hobgoblins
  4 jackals
  A quokka (D:3)
  8 bats
  2 frilled lizards
  2 gnoll zombies (D:2)
  8 kobolds
  A quokka skeleton (D:4)
  9 rats
87 creatures vanquished.

Vanquished Creatures (others)
  A worker ant (D:4)
  A giant cockroach (D:4)
  A goblin (D:4)
3 creatures vanquished.

Grand Total: 90 creatures vanquished

Notes
Turn   | Place    | Note
-------+----------+-------------------------------------------
     0 | D:1      | Nixze the Deep Elf Ice Elementalist began the quest for the
                  | Orb.
     0 | D:1      | Reached XP level 1. HP: 10/10 MP: 6/6
   300 | D:1      | Reached skill level 4 in Ice Magic
   300 | D:1      | Reached XP level 2. HP: 15/15 MP: 6/8
   304 | D:1      | Learned a level 2 spell: Throw Frost
   860 | D:1      | Reached XP level 3. HP: 19/19 MP: 6/9
  1516 | D:2      | Found an opulent altar of Gozag.
  1653 | D:2      | Reached skill level 5 in Ice Magic
  1937 | D:2      | Reached XP level 4. HP: 15/24 MP: 0/10
  2450 | D:2      | Found a basalt altar of Yredelemnul.
  3198 | D:3      | Reached skill level 6 in Ice Magic
  3231 | D:3      | Found a faded altar of an unknown god.
  3664 | D:4      | Noticed Robin
  3684 | D:4      | Killed Robin
  3684 | D:4      | Reached XP level 5. HP: 23/28 MP: 2/11
  4267 | D:4      | Noticed Pikel
  4267 | D:4      | Noticed a slave
  4267 | D:4      | Noticed a slave
  4267 | D:4      | Noticed a slave
  4267 | D:4      | Noticed a slave
  4274 | D:4      | Learned a level 3 spell: Ozocubu's Armour
  4283 | D:4      | Killed a slave
  4288 | D:4      | Killed Pikel
  4288 | D:4      | Reached skill level 5 in Spellcasting
  4288 | D:4      | Reached skill level 7 in Ice Magic
  4288 | D:4      | Reached XP level 6. HP: 31/32 MP: 0/16
  4288 | D:4      | Reached XP level 7. HP: 35/36 MP: 0/17
  4887 | D:4      | Noticed Dowan
  4892 | D:4      | Noticed Duvessa
  4911 | D:4      | HP: 1/54 [poisoned by Duvessa]
  4911 | D:4      | Mangled by Duvessa

Skill      XL: |  1  2  3  4  5  6  7 |
---------------+----------------------+-----
Ice Magic      | 4 5 6 7 |  7.4
Conjurations   | 4 |  4.3
Spellcasting   | 5 6 |  6.0
Dodging        | |  2.4
Stealth        | |  2.4

Action                   |  1- 3 |  4- 6 |  7- 9 || total
-------------------------+-------+-------+-------++-------
Melee: Unarmed           |     1 |     1 |       ||     2
       Whip              |       |    21 |    15 ||    36
Throw: Stone             |     7 |    15 |       ||    22
 Cast: Freeze            |    30 |    43 |     7 ||    80
       Throw Frost       |    47 |    44 |     7 ||    98
       Ozocubu's Armour  |       |     1 |     1 ||     2
  Use: Scroll            |       |     5 |       ||     5
       Potion            |       |       |     1 ||     1
  Eat: Chunk             |     5 |     5 |     2 ||    12
       Ration            |       |     1 |       ||     1
Armor: Robe              |     7 |     8 |     6 ||    21
Dodge: Dodged            |    16 |    41 |    12 ||    69
